 Dungeon Crawl Stone Soup version 0.29-a0-338-g1ff7896281 (webtiles) character file.

Game seed: 7826713787825921081

2326 dolemite99 the Magician (level 9, -9/65 HPs)
             Began as a Gnoll Earth Elementalist on Apr 19, 2022.
             Was an Initiate of Hepliaklqana.
             Mangled by a red ugly thing (18 damage)
             ... on level 6 of the Dungeon.
             The game lasted 00:12:41 (10321 turns).

dolemite99 the Magician (Gnoll Earth Elementalist) Turns: 10321, Time: 00:12:41

Health: -9/65      AC:  5    Str:  8    XL:     9   Next: 42%
Magic:  1/18       EV: 14    Int: 18    God:    Hepliaklqana [......]
Gold:   355        SH:  0    Dex: 13    Spells: 15/21 levels left

rFire   . . .      SeeInvis .   a - staff of earth
rCold   . . .      Faith    +   (no shield)
rNeg    . . .      Spirit   .   w - +1 robe {Will+}
rPois   .          Reflect  .   (no helmet)
rElec   .          Harm     .   (no cloak)
rCorr   .          Rampage  .   (no gloves)
Will    +....                   B - +1 pair of boots
Stlth   +++.......              A - amulet of faith
HPRegen 0.20/turn               (no ring)
MPRegen 0.16/turn               (no ring)

@: no status effects
A: fangs 1, strong nose, distributed training
a: Renounce Religion


You were on level 6 of the Dungeon.
You worshipped Hepliaklqana.
Hepliaklqana was noncommittal.
You visited 2 branches of the dungeon, and saw 7 of its levels.

You collected 355 gold pieces.

Inventory:

Hand Weapons
 b - a +4 short sword of venom
 e - a +0 trident
 k - a +0 long sword
 s - a +3 spear
 y - a +1 antimagic morningstar
 F - a +3 long sword
 G - a +4 falchion
Missiles
 f - 14 poisoned darts
 i - 2 throwing nets
 v - 15 boomerangs
 x - 8 stones
 E - a curare-tipped dart
Armour
 t - a +0 leather armour
 w - a +1 robe of willpower (worn)
 B - a +1 pair of boots (worn)
Magical Staves
 a - a staff of earth (weapon)
 j - a staff of poison
Jewellery
 A - an amulet of faith (around neck)
Wands
 u - a wand of mindburst (4) (quivered)
 z - a wand of polymorph (9)
 D - a wand of charming (2)
Scrolls
 g - a scroll of noise
 h - 3 scrolls of fog
 m - 3 scrolls of teleportation
 p - 2 scrolls of torment
 r - 2 scrolls of fear
Potions
 c - 2 potions of magic
 d - 3 potions of lignification
 l - 3 potions of brilliance
 o - a potion of cancellation {unknown}
 q - a potion of heal wounds {unknown}
 C - 3 potions of curing {unknown}
 H - 2 potions of degeneration {unknown}


   Skills:
 + Level 4.2 Fighting
 + Level 4.2 Short Blades
 + Level 4.2 Long Blades
 + Level 4.2 Axes
 + Level 4.2 Maces & Flails
 + Level 4.2 Polearms
 + Level 4.2 Staves
 + Level 4.2 Slings
 + Level 4.2 Bows
 + Level 4.2 Crossbows
 + Level 4.2 Throwing
 + Level 4.2 Armour
 + Level 6.3 Dodging
 + Level 6.0 Stealth
 + Level 4.2 Shields
 + Level 4.2 Unarmed Combat
 + Level 6.6 Spellcasting
 + Level 3.4 Conjurations
 + Level 3.4 Hexes
 + Level 3.4 Summonings
 + Level 3.4 Necromancy
 + Level 3.4 Translocations
 + Level 4.1 Transmutations
 + Level 3.4 Fire Magic
 + Level 3.4 Ice Magic
 + Level 3.4 Air Magic
 + Level 6.5 Earth Magic
 + Level 3.4 Poison Magic
 + Level 4.6 Invocations
 + Level 4.2 Evocations


You had 15 spell levels left.
You knew the following spells:

 Your Spells              Type           Power      Damage    Failure   Level
a - Sandblast             Erth           88%        2d18      1%          1
b - Stone Arrow           Conj/Erth      72%        3d11      4%          3
c - Poisonous Vapours     Pois/Air       36%        N/A       4%          2

Your spell library contained the following spells:

 Spells                   Type           Power      Damage    Failure   Level
 Passwall                 Tmut/Erth      30%        N/A       1%          2
 Corpse Rot               Necr/Air       36%        N/A       4%          2
 Ignite Poison            Fire/Tmut/Pois 19%        N/A       8%          3
 Mephitic Cloud           Conj/Pois/Air  18%        N/A       9%          3
 Petrify                  Tmut/Erth      37%        N/A       12%         4
 Freezing Cloud           Conj/Ice/Air   9%         6-21      58%         5


Dungeon Overview and Level Annotations

Branches:
Dungeon (6/15)             Temple (1/1) D:5

Altars:
Ashenzari
Dithmenos
Fedhas
Gozag
Hepliaklqana
Kikubaaqudgha
Nemelex Xobeh
Okawaru
Ru
Sif Muna
Trog
Uskayaw
Wu Jian
Xom
Zin
The Shining One

Portals:
Abyss: D:4

Annotations:
D:4 2 transporters, spaghetti's ghost, amateur NaFi


Innate Abilities, Weirdness & Mutations

You have very sharp teeth.
Your uncanny sense of smell can sniff out nearby items.
Your experience applies equally to all skills.


Message History

The red ugly thing is lightly wounded.
Casting: Stone Arrow (dangerous; 4% risk of failure)
Confirm with . or Enter, or press ? or * to list all spells.
Aiming: Stone Arrow (dangerous; 4% risk of failure)
Press: ? - help, Shift-Dir - straight line, f/p - red ugly thing
Aim: a red ugly thing (lightly wounded, 74% to hit)
You feel a surge of power!
The stone arrow hits the red ugly thing!
The red ugly thing is moderately wounded.
The red ugly thing engulfs you!
You are engulfed in flames!
Casting: Stone Arrow (dangerous; 4% risk of failure)
Confirm with . or Enter, or press ? or * to list all spells.
Aiming: Stone Arrow (dangerous; 4% risk of failure)
Press: ? - help, Shift-Dir - straight line, f/p - red ugly thing
Aim: a red ugly thing (moderately wounded, 74% to hit)
You feel a surge of power!
The stone arrow hits the red ugly thing.
The red ugly thing is heavily wounded.
The red ugly thing barely misses you.
Casting: Stone Arrow (dangerous; 4% risk of failure)
Confirm with . or Enter, or press ? or * to list all spells.
Aiming: Stone Arrow (dangerous; 4% risk of failure)
Press: ? - help, Shift-Dir - straight line, f/p - red ugly thing
Aim: a red ugly thing (heavily wounded, 74% to hit)
You feel a surge of power!
The stone arrow misses the red ugly thing.
The red ugly thing engulfs you.
You are engulfed in flames!!
* * * LOW HITPOINT WARNING * * *
Casting: Stone Arrow (dangerous; 4% risk of failure)
Confirm with . or Enter, or press ? or * to list all spells.
Aiming: Stone Arrow (dangerous; 4% risk of failure)
Press: ? - help, Shift-Dir - straight line, f/p - red ugly thing
Aim: a red ugly thing (heavily wounded, 74% to hit)
You feel a surge of power!
The stone arrow hits the red ugly thing!!
The red ugly thing is severely wounded.
The red ugly thing engulfs you!
* * * LOW HITPOINT WARNING * * *
You are engulfed in flames!!
You die...

#..# #..#.##### #.# #..#
#..#.....######## #.#
##..## #..#.....+....[.#
#.#
...[.####..##########.[.#
#.#
##.........##..$$$..#...#
#.#
.#.#.####.###[_.$._.#...#
#.# .#.#.# #.#
#.......#...# #.. .#.#.##
#.# #..u..##...# ####
.#.#..# #.# #@###....#
#... ....#.# #.#
#........# #.#.
.#[.#[###.# ########.#
#.#. ##[.#..##.# #.# #.#.
)<..##.##.# #.# #.#.
)#).##..#.# #.# #.#.
.#[.###.#.# #.######.#.
.#..# #.#.# #.......)##
.#).# #.#.# ##########


You could see a red ugly thing.

Vanquished Creatures
  A gargoyle (D:6)
  Eustachio (D:4)
  A sky beast (D:5)
  A centaur (D:6)
  2 ogres (D:5)
  A phantom (D:4)
  A bullfrog (D:6)
  A kobold brigand (D:6)
  2 necrophages
  2 scorpions
  5 wights (D:6)
  A howler monkey (D:6)
  A jelly (D:6)
  3 orc priests
  4 hounds
  A gnoll shaman (D:6)
  5 iguanas
  4 orc wizards
  9 adders
  9 gnolls (D:6)
  A white imp (D:5)
  An ufetubus (D:5)
  2 worms
  A dart slug (D:1)
  26 orcs
  11 endoplasms
  5 giant cockroaches
  6 hobgoblins
  6 quokkas
  6 ball pythons
  3 bats (D:1)
  2 frilled lizards
  6 goblins
  12 kobolds
  2 rats
145 creatures vanquished.

Vanquished Creatures (others)
  7 plants (D:4)
7 creatures vanquished.

Grand Total: 152 creatures vanquished

Notes
Turn   | Place    | Note
-------+----------+-------------------------------------------
     0 | D:1      | dolemite99 the Gnoll Earth Elementalist began the quest for
                  | the Orb.
     0 | D:1      | Reached XP level 1. HP: 13/13 MP: 6/6
   420 | D:1      | Reached XP level 2. HP: 19/19 MP: 5/7
  1033 | D:1      | Reached XP level 3. HP: 19/25 MP: 7/9
  1152 | D:1      | Reached skill level 5 in Spellcasting
  1536 | D:2      | Reached skill level 1 in Invocations
  1612 | D:2      | Learned a level 3 spell: Stone Arrow
  1695 | D:2      | Reached skill level 1 in Fighting
  1695 | D:2      | Reached skill level 1 in Short Blades
  1695 | D:2      | Reached skill level 1 in Long Blades
  1695 | D:2      | Reached skill level 1 in Axes
  1695 | D:2      | Reached skill level 1 in Maces & Flails
  1695 | D:2      | Reached skill level 1 in Polearms
  1695 | D:2      | Reached skill level 1 in Staves
  1695 | D:2      | Reached skill level 1 in Slings
  1695 | D:2      | Reached skill level 1 in Bows
  1695 | D:2      | Reached skill level 1 in Crossbows
  1695 | D:2      | Reached skill level 1 in Throwing
  1695 | D:2      | Reached skill level 1 in Armour
  1695 | D:2      | Reached skill level 1 in Shields
  1695 | D:2      | Reached skill level 1 in Unarmed Combat
  1695 | D:2      | Reached skill level 1 in Evocations
  1695 | D:2      | Reached XP level 4. HP: 22/32 MP: 8/11
  3289 | D:3      | Reached skill level 1 in Conjurations
  3289 | D:3      | Reached skill level 1 in Hexes
  3289 | D:3      | Reached skill level 1 in Summonings
  3289 | D:3      | Reached skill level 1 in Necromancy
  3289 | D:3      | Reached skill level 1 in Translocations
  3289 | D:3      | Reached skill level 1 in Fire Magic
  3289 | D:3      | Reached skill level 1 in Ice Magic
  3289 | D:3      | Reached skill level 1 in Air Magic
  3289 | D:3      | Reached skill level 1 in Poison Magic
  3976 | D:3      | Found a faded altar of an unknown god.
  3983 | D:3      | Prayed at the altar of an unknown god.
  3983 | D:3      | Became a worshipper of Ru the Awakened
  4280 | D:4      | Noticed a scorpion
  4283 | D:4      | Killed a scorpion
  4284 | D:4      | Reached XP level 5. HP: 37/37 MP: 10/12
  4302 | D:4      | Reached XP level 6. HP: 44/44 MP: 10/13
  4324 | D:4      | Noticed Eustachio
  4334 | D:4      | Killed Eustachio
  4335 | D:4      | Reached skill level 5 in Dodging
  4717 | D:4      | Reached XP level 7. HP: 23/50 MP: 11/15
  5148 | D:4      | Found a transporter.
  5170 | D:4      | Found a one-way gate to the infinite horrors of the Abyss.
  5170 | D:4      | Noticed a small abomination
  5170 | D:4      | Noticed spaghetti's ghost (amateur NaFi)
  5278 | D:4      | Found a transporter.
  5378 | D:4      | Noticed a toenail golem
  5401 | D:5      | Entered Level 5 of the Dungeon
  5418 | D:5      | Found a staircase to the Ecumenical Temple.
  5575 | D:5      | Identified the +2 leather armour "Paes Isch" {Drain rN+
                  | Str+2}
  5688 | D:5      | Reached skill level 5 in Stealth
  6040 | D:5      | Reached XP level 8. HP: 51/57 MP: 10/16
  8190 | D:6      | Reached XP level 9. HP: 65/65 MP: 15/18
  8284 | D:6      | Learned a level 2 spell: Poisonous Vapours
  8603 | D:6      | Noticed a red ugly thing
  8613 | D:6      | HP: 2/65 [necrophage (5)]
  9359 | D:6      | Noticed a gargoyle
  9363 | D:6      | Killed a gargoyle
  9829 | Temple   | Entered the Ecumenical Temple
 10111 | Temple   | Fell from the grace of Ru
 10111 | Temple   | Became a worshipper of Hepliaklqana the Forgotten
 10313 | D:6      | Found a glowing silver altar of Zin.
 10314 | D:6      | Found an opulent altar of Gozag.
 10321 | D:6      | Mangled by a red ugly thing

Illustrated notes

Levels and vault maps discovered:
D:1:      minmay_arrival_four_circles, layout_loops_ring, minmay_crystal_water
D:2:      minmay_door_path, layout_basic
D:3:      layout_rooms, shapermc_ecumenical_altar_notcrosses,
          kennysheep_cross_bottleneck
D:4:      layout_basic, gammafunk_ghost_abyssal_escape, nicolae_zen_rock_garden,
          uniq_eustachio
D:5:      layout_basic, minmay_temple_entry_junction_2,
          eino_small_chamber_without_monster
D:6:      layout_basic, grunt_temple_overflow_gold_and_silver, minmay_microvault
Temple:   minmay_temple_curvy_branch

Skill      XL: |  1  2  3  4  5  6  7  8  9 |
---------------+----------------------------+-----
Transmutations | 2 3 4 |  4.1
Spellcasting   | 5 6 |  6.6
Invocations    | 1 2 3 4 |  4.6
Fighting       | 1 2 3 4 |  4.2
Short Blades   | 1 2 3 4 |  4.2
Long Blades    | 1 2 3 4 |  4.2
Axes           | 1 2 3 4 |  4.2
Maces & Flails | 1 2 3 4 |  4.2
Polearms       | 1 2 3 4 |  4.2
Staves         | 1 2 3 4 |  4.2
Slings         | 1 2 3 4 |  4.2
Bows           | 1 2 3 4 |  4.2
Crossbows      | 1 2 3 4 |  4.2
Throwing       | 1 2 3 4 |  4.2
Armour         | 1 2 3 4 |  4.2
Shields        | 1 2 3 4 |  4.2
Unarmed Combat | 1 2 3 4 |  4.2
Evocations     | 1 2 3 4 |  4.2
Conjurations   | 1 2 3 |  3.4
Hexes          | 1 2 3 |  3.4
Summonings     | 1 2 3 |  3.4
Necromancy     | 1 2 3 |  3.4
Translocations | 1 2 3 |  3.4
Fire Magic     | 1 2 3 |  3.4
Ice Magic      | 1 2 3 |  3.4
Air Magic      | 1 2 3 |  3.4
Poison Magic   | 1 2 3 |  3.4
Dodging        | 5 6 |  6.3
Stealth        | 5 6 |  6.0
Earth Magic    | 6 |  6.5

Action                   |  1- 3 |  4- 6 |  7- 9 || total
-------------------------+-------+-------+-------++-------
Melee: Trident           |    34 |    32 |       ||    66
       Bite              |     1 |     5 |     1 ||     7
       Spear             |       |    11 |       ||    11
       Staff             |       |    15 |     7 ||    22
 Cast: Sandblast         |    30 |    48 |   112 ||   190
       Stone Arrow       |       |       |    14 ||    14
Evoke: Wand              |       |       |    12 ||    12
  Use: Scroll            |       |     5 |     8 ||    13
 Stab: Sleeping          |     3 |       |       ||     3
       Distracted        |       |     1 |       ||     1
Armor: Robe              |    13 |    13 |    11 ||    37
Dodge: Dodged            |    36 |    48 |    55 ||   139

Table legend: (Time is in decaauts)
 A = Elapsed time spent in this place.
 B = Non-inter-level travel time spent in this place.
 C = Inter-level travel time spent in this place.
 D = Time resting spent in this place.
 E = Time spent auto-exploring this place.
 F = Levels seen in this place.
 G = Mean time per level.
                   A        B        C        D        E       F      G
               +--------+--------+--------+--------+--------+-----+--------+
         Total |  10348 |   9941 |    407 |   4637 |   3531 |   7 | 1478.3 |
       Dungeon |  10040 |   9679 |    361 |   4637 |   3285 |   6 | 1673.3 |
        Temple |    307 |    262 |     45 |      0 |    246 |   1 |  307.0 |
               +--------+--------+--------+--------+--------+-----+--------+

Top non-repeatable levels by time:
     D:5: 2721 daAuts
     D:2: 2163 daAuts
     D:6: 1893 daAuts
     D:1: 1360 daAuts
     D:4: 1131 daAuts
     D:3: 769 daAuts
  Temple: 307 daAuts
